 Dungeon Crawl Stone Soup version 0.25-a0-1133-g93ebf739aa (webtiles) character file.

Game seed: 16016028114039830, levelgen mode: deterministic

428476 gruber the Eclecticist (level 22, -8/182 HPs)
             Began as a Demonspawn Ice Elementalist on May 10, 2020.
             Was the Champion of Vehumet.
             Killed from afar by a lich (27 damage)
             ... with an iron shot
             ... on level 3 of the Depths on May 20, 2020.
             The game lasted 01:51:07 (60676 turns).

gruber the Eclecticist (DsIE)                      Turns: 60676, Time: 01:51:07

Health: -8/182     AC: 18    Str: 17    XL:     22   Next: 79%
Magic:  0/44       EV: 18    Int: 27    God:    Vehumet [******]
Gold:   2267       SH:  5    Dex: 24    Spells: 24/57 levels left

rFire    + . .     SeeInvis +   Z - +9 lajatang (elec)
rCold    + + .     Gourm    .   (shield currently unavailable)
rNeg     + + .     Faith    .   M - +3 ring mail of Nuipai {rC+ rN+}
rPois    +         Spirit   +   (helmet unavailable)
rElec    .         Reflect  +   F - scarf {rC+ rF+}
rCorr    .         Harm     .   N - +0 pair of gloves
MR       +....                  o - +2 pair of boots
Stlth    ++++++....             G - amulet "Xohepeid" {Reflect SH+5 Stlth+}
HPRegen  0.40/turn              k - ring of Zaidei {Int+3 Dex+6}
MPRegen  0.58/turn              b - ring "Wiruom" {rPois Str+6 Dex+4 SInv}

@: slowed, lightly drained, very slow
A: horns 3, slimy green scales 3, negative energy resistance 1, spiny 2, 50%
torment resistance, magic shield, magic regeneration
}: 2/15 runes: decaying, gossamer
a: Renounce Religion


You were on level 3 of the Depths.
You worshipped Vehumet.
Vehumet was exalted by your worship.
You were not hungry.

You visited 7 branches of the dungeon, and saw 39 of its levels.
You visited 1 bazaar.

You collected 3997 gold pieces.
You spent 1730 gold pieces at shops.

Inventory:

Hand Weapons
 Z - a +9 lajatang of electrocution (weapon)
Missiles
 r - 8 silver javelins (quivered)
 V - 3 throwing nets
Armour
 o - a +2 pair of boots (worn)
 F - a scarf of resistance (worn)
 M - the +3 ring mail of Nuipai (worn) {rC+ rN+}
   (You found it on level 8 of the Dungeon)

   It protects you from cold.
   It protects you from negative energy.
 N - a +0 pair of gloves (worn)
Jewellery
 b - the ring "Wiruom" (right hand) {rPois Str+6 Dex+4 SInv}
   (You acquired it on level 4 of the Depths)

   [ring of strength]

   It affects your strength (+6).
   It affects your dexterity (+4).
   It protects you from poison.
   It lets you see invisible.
 e - an uncursed ring of stealth
 k - the ring of Zaidei (left hand) {Int+3 Dex+6}
   (You acquired it on level 2 of the Lair of Beasts)

   [ring of dexterity]

   It affects your intelligence (+3).
   It affects your dexterity (+6).
 q - the ring of Insomnia {rN+ MR+ Str+2}
   (You bought it in a shop on level 2 of the Orcish Mines)

   [ring of protection from magic]

   It affects your strength (+2).
   It protects you from negative energy.
   It affects your resistance to hostile enchantments.
 E - an uncursed ring of flight
 G - the amulet "Xohepeid" (around neck) {Reflect SH+5 Stlth+}
   (You found it on level 3 of the Spider Nest)

   [amulet of reflection]

   It shields you and reflects attacks.
   It affects your SH (+5).
   It makes you more stealthy.
 H - an uncursed ring of resist corrosion
 S - an uncursed amulet of guardian spirit {unknown}
 Y - an uncursed ring of wizardry
Wands
 a - a wand of acid (3)
 s - a wand of polymorph (3)
 u - a wand of paralysis (17)
 y - a wand of digging (21)
 z - a wand of iceblast (58)
 O - a wand of random effects (35)
 P - a wand of disintegration (29)
 Q - a wand of clouds (1)
Scrolls
 f - 6 scrolls of fear
 h - 14 scrolls of remove curse
 i - 5 scrolls of identify
 m - 5 scrolls of magic mapping
 w - 4 scrolls of amnesia
 A - 6 scrolls of enchant weapon
 I - 8 scrolls of enchant armour
 L - 9 scrolls of teleportation
 R - 4 scrolls of fog
 T - a scroll of silence
Potions
 d - 26 potions of curing
 g - 11 potions of stabbing
 j - 4 potions of flight
 l - 2 potions of berserk rage
 n - 4 potions of lignification
 p - a potion of resistance
 t - 5 potions of brilliance
 v - 3 potions of might
 x - a potion of mutation
 B - 7 potions of invisibility
 C - 8 potions of ambrosia
 D - 2 potions of magic
 U - 9 potions of heal wounds
 X - 5 potions of haste
Comestibles
 c - 41 rations


   Skills:
 - Level 17.2(17.1) Fighting
   Level 1.1(8.6) Maces & Flails
 - Level 13.1(13.0) Staves
 - Level 7.2(7.1) Armour
 - Level 8.3 Dodging
 - Level 13.0(12.9) Stealth
 - Level 18.3(18.2) Spellcasting
 - Level 7.0(6.9) Conjurations
 - Level 4.2(4.1) Charms
 - Level 6.1(6.0) Summonings
 - Level 8.0 Necromancy
 - Level 2.0(1.9) Translocations
 * Level 15.3(15.2) Ice Magic
 - Level 6.0 Air Magic
 - Level 7.0(6.9) Earth Magic


You had 24 spell levels left.
You knew the following spells:

 Your Spells              Type           Power        Failure   Level  Hunger
b - Frozen Ramparts       Ice            ######       0%          3    None
c - Ozocubu's Armour      Chrm/Ice       ######..     1%          3    None
d - Hailstorm             Conj/Ice       ######..     1%          4    None
e - Summon Ice Beast      Ice/Summ       ######..     1%          4    None
f - Blink                 Tloc           N/A          1%          2    None
g - Ozocubu's Refrigerat  Ice            #######...   1%          6    ##.....
h - Freezing Cloud        Conj/Ice/Air   ######....   2%          6    ##.....
i - Borgnjor's Vile Clut  Necr/Erth      ######....   4%          5    None

Your spell library contained the following spells:

 Spells                   Type           Power        Failure   Level  Hunger
 Absolute Zero            Ice            #######...   80%         9    #######
 Fire Storm               Conj/Fire      #####.....   100%        9    #######
 Tornado                  Air            ######....   100%        9    #######
 Freeze                   Ice            ####         0%          1    None
 Foxfire                  Conj/Fire      ####         1%          1    None
 Infusion                 Chrm           ####         1%          1    None
 Magic Dart               Conj           ####         1%          1    None
 Call Imp                 Summ           ######..     1%          2    None
 Ensorcelled Hibernation  Hex/Ice        ######       1%          2    None
 Poisonous Vapours        Pois/Air       #####.       1%          2    None
 Searing Ray              Conj           ######       1%          2    None
 Shroud of Golubria       Chrm/Tloc      #####.       1%          2    None
 Song of Slaying          Chrm           #####...     1%          2    None
 Conjure Flame            Conj/Fire      #####...     1%          3    None
 Dazzling Flash           Conj/Hex       #####.       1%          3    None
 Mephitic Cloud           Conj/Pois/Air  #####...     1%          3    None
 Ice Form                 Ice/Tmut       ######..     1%          4    None
 Iskenderun's Mystic Bla  Conj/Tloc      #####...     1%          4    None
 Ignite Poison            Fire/Tmut/Pois ###.....     2%          3    None
 Inner Flame              Hex/Fire       ###.....     2%          3    None
 Fulminant Prism          Conj/Hex       #####.....   2%          4    None
 Sticky Flame             Conj/Fire      #####...     2%          4    None
 Iskenderun's Battlesphe  Conj/Chrm      ######..     2%          5    None
 Beastly Appendage        Tmut           ###...       3%          1    None
 Corona                   Hex            ###....      3%          1    None
 Sting                    Tmut/Pois      ###.         3%          1    None
 Bolt of Magma            Conj/Fire/Erth #####.....   3%          5    None
 Metabolic Englaciation   Hex/Ice        ######....   3%          5    None
 Slow                     Hex            ###.....     4%          2    None
 Sticks to Snakes         Tmut           ###.....     4%          2    None
 Gell's Gravitas          Tloc           #####.....   4%          3    None
 Lesser Beckoning         Tloc           #####.....   4%          3    None
 Spectral Weapon          Hex/Chrm       #####...     4%          3    None
 Teleport Other           Tloc           #####...     4%          3    None
 Fireball                 Conj/Fire      #####.....   5%          5    None
 Portal Projectile        Hex/Tloc       ####..       6%          3    None
 Iron Shot                Conj/Erth      ######....   7%          6    ##.....
 Leda's Liquefaction      Hex/Erth       #####.....   8%          4    None
 Petrify                  Tmut/Erth      #####...     8%          4    None
 Olgreb's Toxic Radiance  Pois           ###.....     9%          4    None
 Confusing Touch          Hex            ###.....     10%         3    None
 Spider Form              Tmut/Pois      ###.......   10%         3    None
 Passage of Golubria      Tloc           N/A          14%         4    None
 Yara's Violent Unravell  Hex/Tmut       ###.......   22%         5    None
 Silence                  Hex/Air        #####.....   26%         5    None
 Cause Fear               Hex            ###.......   30%         4    None
 Shadow Creatures         Summ           N/A          36%         6    ##.....
 Orb of Destruction       Conj           ######....   36%         7    #####..
 Spellforged Servitor     Conj/Summ      ######....   41%         7    #####..
 Blade Hands              Tmut           ###.......   65%         5    None
 Lehudib's Crystal Spear  Conj/Erth      ######....   94%         8    ######.
 Chain Lightning          Conj/Air       ######....   96%         8    ######.
 Darkness                 Hex            ###.......   99%         6    ##.....


Dungeon Overview and Level Annotations

Branches:
Dungeon (15/15)            Temple (0/1) D:7            Lair (6/6) D:11
  Swamp (4/4) Lair:2       Spider (4/4) Lair:3        Slime (0/5) Lair:6
    Orc (2/2) D:11            Elf (0/3) Orc:2        Vaults (4/5) D:14
  Crypt (0/3) Vaults:2     Depths (4/5) D:15

Altars:
Elyvilon
Fedhas
Makhleb
Qazlal
Trog
Vehumet
Zin

Shops:
D:7 (   D:10 *   D:13 }*[(   Orc:2 =*[(   Vaults:3 (

Portals:
Hell: Depths:1 Depths:2 Depths:4
Abyss: Depths:3 Depths:4
Pandemonium: Depths:2
Ziggurat: Depths:1
Trove: Depths:4 (show abyssal rune of Zot)

Annotations:
D:4 Grinder
Vaults:4 8 runed translucent doors, Ytwedaku's ghost, adept MiFi


Innate Abilities, Weirdness & Mutations

You have a pair of large horns on your head.
You are completely covered in slimy green scales. (AC +4, rPois)
You resist negative energy. (rN+)
You are mostly covered in sharp spines.
You are somewhat able to resist unholy torments (1 in 2 success).
When hurt, damage is shared between your health and your magic reserves.
You regenerate magic rapidly.


Message History

You feel less confused.
The merfolk changes into a water nymph!
The stone giant throws a large rock.
The large rock closely misses you.
You see here a large rock.
As you read the scroll of fear, it crumbles to dust.
You assume a fearsome visage.
The stone giant looks frightened!
The water nymph easily resists.
The lich is unaffected.
The lich touches you but does no damage. x2
The lich is struck by your spines.
The lich touches you but does no damage.
The water nymph misses you.
The stone giant starts to cry.
The water nymph barely misses you.
Splash!
You fall into the shallow water.
Moving in this stuff is going to be slow.
You can drink potions again.
The lich points at you and mumbles some strange words.
The iron shot hits you!!
You die...

######........# ..≈# #..
###....####...#..≈≈# #§.
##..........####.⌠# ##≈
...........#.#..## #.
#.#..............+ #.
##.#..............+ #.
#.................+ #.
..............#..## #.
.().##........##@⌠##
(.((.#...≈....#.≈≈≈# ≈.
.((..(.§§§≈...#.Lm≈## ≈..
....[....§≈§..##(≈≈(####≈)..
.......§.≈§§...#..≈≈≈(≈≈≈...
()....[.§§§≈§..##.(.)).)....
.).....##.......##......)..#
.................##..C...#####
.
[))...(.....#.....########...#
.


You could see a stone giant (fleeing), a lich and a water nymph shaped shifter.

Vanquished Creatures
  3 juggernauts
  Sojobo (Vaults:2)
  Margery (Vaults:2)
  A tentacled monstrosity (Depths:4)
  Jorgrun (D:14)
  Rupert (D:14)
  Agnes (Spider:4)
  A sphinx (Depths:3)
  A storm dragon (Vaults:4)
  An ancient champion (Vaults:2)
  3 tengu reavers
  4 fire giants
  An iron dragon (Depths:1)
  7 ghost moths (Spider:4)
  6 frost giants
  3 orc warlords
  Louise (Depths:4)
  7 emperor scorpions
  12 vault wardens
  A ghoul (Vaults:1)
  4 spriggan defenders
  16 very ugly things
  12 ironheart preservers
  18 stone giants
  2 vampire knights
  6 entropy weavers
  Azrael (D:13)
  A deep elf demonologist (Vaults:3)
  3 spark wasps
  Nessos (D:14)
  2 deep elf annihilators
  An eidolon (Vaults:2)
  7 ettins
  2 jiangshi (Depths:2)
  A crystal guardian (Vaults:3)
  A merfolk impaler (Depths:4)
  A deep elf high priest (Depths:3)
  Josephine (D:12)
  6 fire dragons
  5 great orbs of eyes
  8 yaktaur captains
  2 spriggan air magi (Depths:3)
  7 vault guards
  A hell beast (Depths:2)
  5 rakshasas
  9 ice dragons
  16 hydras
  11 centaur warriors
  3 death knights
  6 catoblepae
  2 tengu warriors
  17 ogre magi
  48 two-headed ogres
  12 alligators
  6 death yaks (Lair:6)
  6 deep troll earth magi
  6 deep troll shamans
  Urug (Lair:5)
  A vampire mage (Depths:2)
  4 orc high priests (Orc:2)
  2 spriggan berserkers (Depths:3)
  3 soul eaters (Depths:2)
  Nergalle (D:12)
  2 fire crabs (shapeshifter)
  5 skeletal warriors
  2 fire crabs (Swamp:4)
  8 deep elf knights
  3 spriggan druids
  8 hell knights
  16 deep trolls
  6 wizards
  2 unseen horrors (shapeshifter)
  4 glowing orange brains
  7 swamp dragons
  3 unseen horrors
  An orange crystal statue (Lair:3)
  4 deep elf archers
  A swamp dragon (shapeshifter) (Depths:2)
  4 necromancers
  20 ironbrand convokers
  20 orb spiders
  14 harpies
  14 deep elf magi
  17 orc knights
  A fire giant zombie (Vaults:4)
  An orb spider (shapeshifter) (Vaults:1)
  5 oklob plants
  31 wolf spiders
  32 ugly things
  A mana viper (shapeshifter) (Depths:2)
  9 orc sorcerers
  2 cyclopes (Vaults:1)
  4 manticores
  A salamander (Depths:3)
  A rust devil (Depths:3)
  A smoke demon (Depths:4)
  5 black mambas
  5 moths of wrath
  7 vault sentinels
  17 elephants
  Maurice (D:8)
  An orange demon (Depths:2)
  A gargoyle (D:12)
  A torpor snail (Lair:6)
  2 rime drakes (shapeshifter)
  40 yaktaurs
  15 spiny frogs
  An orc skeleton (Vaults:2)
  3 freezing wraiths
  7 komodo dragons
  7 demonic crawlers
  An efreet (D:14)
  2 red devils
  5 tengu conjurers
  A hellwing (Depths:4)
  40 jumping spiders
  9 trolls
  6 tyrant leeches
  14 hornets
  4 bog bodies
  46 slime creatures
  A hippogriff (shapeshifter) (Vaults:2)
  A polar bear (Lair:6)
  6 blink frogs
  A stone giant simulacrum (Vaults:2)
  8 hippogriffs
  9 dream sheep (Lair:6)
  3 meliai zombies
  A spriggan (Swamp:1)
  A shadow (D:13)
  69 redbacks
  6 wraiths
  A vampire (D:15)
  2 spriggans (shapeshifter)
  A hog (shapeshifter) (Vaults:2)
  Sigmund (D:3)
  3 water elementals (Depths:4)
  47 tarantellas
  A wyvern (shapeshifter) (Depths:3)
  3 fire elementals
  A human (D:11)
  3 basilisks
  29 yaks
  A hungry ghost (D:12)
  Eustachio (D:4)
  A wyvern (Lair:2)
  18 vampire mosquitoes
  3 steam dragons
  3 hogs (D:11)
  Edmund (D:5)
  A chaos spawn (Depths:3)
  A deep troll zombie (Vaults:4)
  7 insubstantial wisps
  4 wargs
  13 swamp worms
  An acid dragon (shapeshifter) (Vaults:4)
  7 water moccasins
  4 hell hounds
  A soldier ant (shapeshifter) (Depths:1)
  A soldier ant (D:15)
  6 porcupines
  74 orc warriors
  8 swamp drakes
  6 phantoms
  5 ice beasts
  4 sky beasts
  A black bear (D:13)
  9 wolves
  45 ogres
  5 boggarts (Depths:3)
  3 necrophages
  11 crocodiles
  16 centaurs
  2 big kobolds
  Blork the orc (D:5)
  2 human zombies
  7 earth elementals (Depths:1)
  11 bullfrogs
  A wyvern zombie (D:14)
  A water moccasin skeleton (D:12)
  6 killer bees
  11 wights
  A howler monkey (D:11)
  A bullfrog zombie (D:7)
  4 lava snakes (Lair:3)
  2 centaur zombies
  7 crimson imps
  24 orc priests
  2 quasits
  10 hounds
  3 centaur skeletons
  5 jellies
  41 orc wizards
  Ijyb (D:4)
  4 iguanas
  13 worker ants
  A hound zombie (D:6)
  A hound skeleton (D:11)
  2 worker ant zombies
  Robin (D:4)
  A howler monkey zombie (D:10)
  12 adders
  5 shadow imps
  An adder zombie (D:5)
  An ooze (D:2)
  2 worms (D:2)
  3 leopard geckos
  163 orcs
  7 giant cockroaches
  14 goblins
  11 hobgoblins
  4 jackals
  16 kobolds
  4 quokkas
  A ball python (D:5)
  3 bats
  4 frilled lizards
  A giant cockroach zombie (D:5)
  A jackal zombie (D:5)
  A leopard gecko skeleton (D:6)
  6 rats
  19 bushes
  A fire vortex (Swamp:4)
  34 fungi
  51 plants
1806 creatures vanquished.

Vanquished Creatures (collateral kills)
  An ancient champion (Vaults:2)
  Harold (D:11)
  Erolcha (D:12)
  A hydra (D:14)
  2 two-headed ogres
  2 alligators
  A skeletal warrior (D:15)
  A wolf spider (Spider:1)
  4 ugly things
  A cyclops (D:14)
  An elephant (Lair:1)
  A gargoyle (D:15)
  A spiny frog (Swamp:2)
  2 yaktaurs
  2 demonic crawlers
  A jumping spider (Spider:4)
  A tyrant leech (Swamp:1)
  A troll (D:14)
  A hornet (D:12)
  A bog body (Swamp:1)
  A shadow (Swamp:4)
  A water elemental (D:14)
  3 redbacks (Spider:4)
  2 tarantellas (Spider:4)
  A wraith (D:12)
  5 yaks
  A steam dragon (D:10)
  3 vampire mosquitoes (D:14)
  2 hungry ghosts
  2 insubstantial wisps (Swamp:3)
  An acid dragon (D:11)
  A porcupine (D:11)
  An orc warrior (D:12)
  An ice beast (D:9)
  3 ogres
  A bullfrog (D:12)
  A killer bee (D:10)
  A wight (D:10)
  A kobold (D:11)
59 creatures vanquished.

Vanquished Creatures (others)
  A swamp dragon (Swamp:4)
  A lindwurm (Swamp:4)
  A redback (Spider:3)
  A steam dragon (Swamp:4)
  5 swamp drakes (Swamp:4)
  10 bushes (Lair:4)
  9 fungi (D:11)
  6 plants (Lair:6)
34 creatures vanquished.

Grand Total: 1899 creatures vanquished

Notes
Turn   | Place    | Note
-------+----------+-------------------------------------------
     0 | D:1      | gruber the Demonspawn Ice Elementalist began the quest for
                  | the Orb.
     0 | D:1      | Reached XP level 1. HP: 13/13 MP: 3/3
   332 | D:1      | Gained mutation: You are partially covered in sharp spines.
                  | [demonic ancestry]
   332 | D:1      | Reached XP level 2. HP: 19/19 MP: 1/5
  1011 | D:2      | Gained mutation: You have a pair of small horns on your
                  | head. [demonic ancestry]
  1011 | D:2      | Reached XP level 3. HP: 8/24 MP: 3/6
  1633 | D:2      | Noticed an ogre
  1681 | D:1      | Learned a level 3 spell: Frozen Ramparts
  2181 | D:3      | Reached skill level 3 in Spellcasting
  2181 | D:3      | Reached XP level 4. HP: 22/30 MP: 4/8
  2301 | D:3      | Found a faded altar of an unknown god.
  2478 | D:3      | Reached skill level 5 in Ice Magic
  2524 | D:3      | Noticed Sigmund
  2577 | D:3      | Killed Sigmund
  2577 | D:3      | Reached skill level 4 in Spellcasting
  2577 | D:3      | Gained mutation: You are partially covered in slimy green
                  | scales. (AC +2) [demonic ancestry]
  2577 | D:3      | Reached XP level 5. HP: 31/35 MP: 5/11
  2577 | D:3      | Reached XP level 6. HP: 36/41 MP: 5/12
  2584 | D:3      | Learned a level 3 spell: Ozocubu's Armour
  2589 | D:3      | Learned a level 4 spell: Hailstorm
  3419 | D:4      | Noticed Grinder
  3805 | D:4      | Noticed Ijyb
  3814 | D:4      | Killed Ijyb
  3911 | D:4      | Noticed Robin
  3914 | D:4      | Noticed Eustachio
  3919 | D:4      | Killed Robin
  3954 | D:4      | Killed Eustachio
  3954 | D:4      | Reached XP level 7. HP: 13/46 MP: 5/13
  4346 | D:4      | Reached skill level 1 in Conjurations
  4346 | D:4      | Reached skill level 1 in Charms
  4496 | D:5      | Entered Level 5 of the Dungeon
  4897 | D:5      | Noticed Edmund
  4908 | D:5      | Killed Edmund
  4908 | D:5      | Reached XP level 8. HP: 29/51 MP: 10/14
  5103 | D:5      | Noticed a balrug
  5104 | D:5      | Found a burning altar of Makhleb.
  5108 | D:5      | Found a glowing silver altar of Zin.
  5108 | D:5      | Noticed an angel
  5546 | D:5      | Noticed Blork the orc
  5551 | D:5      | Killed Blork the orc
  5674 | D:6      | Found a radiant altar of Vehumet.
  5709 | D:6      | Reached skill level 1 in Maces & Flails
  6298 | D:6      | Became a worshipper of Vehumet
  6344 | D:6      | Reached skill level 5 in Conjurations
  7059 | D:7      | Learned a level 4 spell: Summon Ice Beast
  7062 | D:7      | Found a stormy altar of Qazlal.
  7161 | D:7      | Found Xymedwu's Weapon Boutique.
  7172 | D:7      | Gained mutation: You have a pair of horns on your head.
                  | [demonic ancestry]
  7172 | D:7      | Reached XP level 9. HP: 34/56 MP: 11/16
  7176 | D:7      | Reached skill level 5 in Spellcasting
  7937 | D:7      | Reached skill level 6 in Spellcasting
  8127 | D:7      | Found a blossoming altar of Fedhas.
  8128 | D:7      | Found a bloodstained altar of Trog.
  8131 | D:7      | Reached * piety under Vehumet
  8131 | D:7      | Offered knowledge of Sandblast by Vehumet.
  8158 | D:7      | Found a white marble altar of Elyvilon.
  8601 | D:7      | Found a staircase to the Ecumenical Temple.
  8944 | D:8      | Reached skill level 7 in Spellcasting
  9509 | D:8      | Reached skill level 8 in Spellcasting
  9821 | D:8      | Learned a level 2 spell: Blink
  9939 | D:8      | Noticed Maurice
  9958 | D:8      | Killed Maurice
 10160 | D:8      | Got a smoking ring mail
 10162 | D:8      | Identified the +3 ring mail of Nuipai {rC+ rN+} (You found
                  | it on level 8 of the Dungeon)
 10932 | D:9      | Noticed a two-headed ogre
 10945 | D:9      | Killed a two-headed ogre
 10945 | D:9      | Reached skill level 5 in Summonings
 10945 | D:9      | Gained mutation: You have a pair of large horns on your
                  | head. [demonic ancestry]
 10945 | D:9      | Reached XP level 10. HP: 38/61 MP: 10/22
 11010 | D:9      | Upgraded the game from 0.25-a0-992-gca090100c3 to
                  | 0.25-a0-1133-g93ebf739aa
 11271 | D:9      | Reached skill level 1 in Translocations
 11728 | D:10     | Entered Level 10 of the Dungeon
 11996 | D:10     | Found Ficverr's Elemental Accessories.
 12024 | D:10     | Offered knowledge of Searing Ray by Vehumet.
 12149 | D:10     | Reached ** piety under Vehumet
 12156 | D:10     | Reached skill level 1 in Armour
 12386 | D:10     | Noticed a two-headed ogre
 12397 | D:10     | Killed a two-headed ogre
 12397 | D:10     | Reached skill level 1 in Fighting
 13025 | D:10     | Reached skill level 5 in Armour
 13632 | D:11     | Reached XP level 11. HP: 49/70 MP: 20/23
 13744 | D:11     | Offered knowledge of Ignite Poison by Vehumet.
 13907 | D:11     | Reached *** piety under Vehumet
 13991 | D:11     | Found a staircase to the Lair.
 14273 | D:11     | Offered knowledge of Fulminant Prism by Vehumet.
 14607 | D:11     | Found a staircase to the Orcish Mines.
 15017 | D:11     | Noticed Harold
 15028 | D:11     | Killed Harold
 15028 | D:11     | Reached skill level 5 in Fighting
 15402 | D:12     | Noticed an orc knight
 15412 | D:12     | Reached **** piety under Vehumet
 15421 | D:12     | Killed an orc knight
 15545 | D:12     | Offered knowledge of Sticky Flame by Vehumet.
 15632 | D:12     | Noticed a two-headed ogre
 15638 | D:12     | Killed a two-headed ogre
 15803 | D:12     | Paralysed by a hornet for 2 turns
 15871 | D:12     | Noticed a deep elf mage
 15874 | D:12     | Killed a deep elf mage
 15997 | D:12     | Noticed Nergalle
 15998 | D:12     | Noticed a deep elf mage
 16013 | D:12     | Killed Nergalle
 16019 | D:12     | Killed a deep elf mage
 16279 | D:12     | Gained mutation: When hurt, damage is shared between your
                  | health and your magic reserves. [demonic ancestry]
 16279 | D:12     | Reached XP level 12. HP: 90/90 MP: 24/24
 16350 | D:12     | Noticed Josephine
 16367 | D:12     | Reached skill level 5 in Dodging
 16571 | D:12     | Noticed Erolcha
 16576 | D:12     | Killed Erolcha
 16576 | D:12     | Reached ***** piety under Vehumet
 16582 | D:12     | Offered knowledge of Ozocubu's Refrigeration by Vehumet.
 16588 | D:12     | Killed Josephine
 16847 | D:13     | Noticed Azrael
 16856 | D:13     | Killed Azrael
 16980 | D:13     | Noticed a centaur warrior
 17023 | D:13     | Killed a centaur warrior
 17118 | D:13     | Learned a level 6 spell: Ozocubu's Refrigeration
 17216 | D:13     | Found a flagged portal.
 17245 | D:13     | Noticed a two-headed ogre
 17257 | D:13     | Killed a two-headed ogre
 17261 | D:13     | Noticed a two-headed ogre
 17269 | D:13     | Killed a two-headed ogre
 17370 | D:13     | Reached skill level 9 in Spellcasting
 17693 | D:13     | Found Isoavot's General Store.
 17698 | D:13     | Found Reino's Antique Weapon Shop.
 17701 | D:13     | Bought a potion of haste for 120 gold pieces
 17708 | D:13     | Bought an ancient battleaxe for 253 gold pieces
 17708 | D:13     | Identified the cursed +1 battleaxe of Fedhas's Castigation
                  | {flame, *Rage Str+3 Stlth+} (You bought it in a shop on
                  | level 13 of the Dungeon)
 17742 | D:13     | Found Dosch's Armour Shoppe.
 18009 | D:13     | Found Roibofosafe's Gadget Shoppe.
 18198 | D:13     | Reached skill level 10 in Spellcasting
 18524 | D:14     | Noticed a six-headed hydra
 18534 | D:14     | Killed a six-headed hydra
 18991 | D:14     | Gained mutation: You regenerate magic rapidly. [demonic
                  | ancestry]
 18991 | D:14     | Reached XP level 13. HP: 75/96 MP: 12/27
 19159 | D:14     | Found a gate to the Vaults.
 19162 | D:14     | Noticed Nessos
 19168 | D:14     | Killed Nessos
 19168 | D:14     | Reached skill level 11 in Spellcasting
 19562 | D:14     | Noticed Jorgrun
 19598 | D:14     | Killed Jorgrun
 19670 | D:14     | Noticed Rupert
 19673 | D:14     | Offered knowledge of Irradiate by Vehumet.
 19673 | D:14     | Reached skill level 12 in Spellcasting
 19703 | D:14     | Killed Rupert
 20334 | Lair:1   | Entered Level 1 of the Lair of Beasts
 21086 | Lair:2   | Found a staircase to the Swamp.
 22095 | Lair:3   | Reached skill level 10 in Ice Magic
 22370 | Lair:3   | Found a hole to the Spider Nest.
 23122 | Lair:4   | Got a bloodstained leather armour
 23239 | Lair:4   | Reached XP level 14. HP: 90/103 MP: 30/30
 23782 | Lair:5   | Identified the +1 leather armour "Zoufizaa" {rF+ rCorr
                  | Str+3 Int-5} (You found it on level 4 of the Lair of
                  | Beasts)
 23784 | Lair:5   | Got an ominously black robe
 23924 | Lair:5   | Noticed Urug
 23929 | Lair:5   | Killed Urug
 24350 | Lair:6   | Entered Level 6 of the Lair of Beasts
 24594 | Lair:6   | Offered knowledge of Conjure Ball Lightning by Vehumet.
 24869 | Lair:6   | Found a staircase to the Slime Pits.
 26689 | Orc:1    | Entered Level 1 of the Orcish Mines
 27074 | Orc:1    | Noticed an orc warlord
 27077 | Orc:1    | Reached XP level 15. HP: 108/108 MP: 21/31
 27079 | Orc:1    | Killed an orc warlord
 27257 | Orc:2    | Entered Level 2 of the Orcish Mines
 27261 | Orc:2    | Found a staircase to the Elven Halls.
 27272 | Orc:2    | Offered knowledge of Starburst by Vehumet.
 27279 | Orc:2    | Noticed an orc warlord
 27281 | Orc:2    | Reached skill level 13 in Spellcasting
 27285 | Orc:2    | Killed an orc warlord
 27542 | Orc:2    | Noticed an orc warlord
 27547 | Orc:2    | Offered knowledge of Lee's Rapid Deconstruction by Vehumet.
 27570 | Orc:2    | Killed an orc warlord
 27570 | Orc:2    | Reached skill level 14 in Spellcasting
 27950 | Orc:2    | Found Zainoe's General Store.
 27951 | Orc:2    | Found Ruichaj's Jewellery Shoppe.
 27952 | Orc:2    | Found Uliolo's Antique Armour Emporium.
 27952 | Orc:2    | Found Juunep's Antique Weapon Emporium.
 27967 | Orc:2    | Bought the ring of Insomnia {rN+ MR+ Str+2} for 606 gold
                  | pieces
 28157 | Orc:2    | Bought a fine quarterstaff for 216 gold pieces
 28269 | D:15     | Entered Level 15 of the Dungeon
 28782 | D:15     | Identified the cursed +1 quarterstaff of Dezxeos {venom,
                  | rC- Str+8} (You bought it in a shop on level 2 of the
                  | Orcish Mines)
 29997 | D:15     | Found a staircase to the Depths.
 30308 | Swamp:1  | Entered Level 1 of the Swamp
 30314 | Swamp:1  | Reached skill level 15 in Spellcasting
 30750 | Swamp:1  | Identified the cursed +0 robe of Xom's Generosity {rF+ rN+
                  | Int+2 Dex-2} (You found it on level 5 of the Lair of
                  | Beasts)
 31241 | Swamp:2  | Offered knowledge of Freezing Cloud by Vehumet.
 32315 | Swamp:2  | Learned a level 6 spell: Freezing Cloud
 32608 | Swamp:2  | Gained mutation: You are mostly covered in slimy green
                  | scales. (AC +3) [demonic ancestry]
 32608 | Swamp:2  | Reached XP level 16. HP: 105/115 MP: 20/35
 32657 | Swamp:2  | Gained mutation: You are mostly covered in sharp spines.
                  | [demonic ancestry]
 32657 | Swamp:2  | Reached XP level 17. HP: 120/120 MP: 36/36
 33260 | Swamp:3  | Reached skill level 16 in Spellcasting
 33929 | Swamp:3  | Reached skill level 5 in Air Magic
 34295 | Swamp:4  | Entered Level 4 of the Swamp
 34434 | Swamp:3  | Learned a level 5 spell: Borgnjor's Vile Clutch
 34473 | Swamp:4  | Reached skill level 1 in Necromancy
 34476 | Swamp:4  | Offered knowledge of Chain Lightning by Vehumet.
 34490 | Swamp:4  | Reached skill level 1 in Earth Magic
 35284 | Swamp:4  | Reached ****** piety under Vehumet
 35361 | Swamp:4  | Reached skill level 5 in Necromancy
 35609 | Swamp:4  | Got a decaying rune of Zot
 35741 | Spider:1 | Entered Level 1 of the Spider Nest
 35882 | Spider:1 | Reached skill level 5 in Earth Magic
 37675 | Spider:2 | Offered knowledge of Fire Storm by Vehumet.
 37675 | Spider:2 | Offered knowledge of Tornado by Vehumet.
 37675 | Spider:2 | Offered knowledge of Absolute Zero by Vehumet.
 38606 | Spider:2 | Gained mutation: You are completely covered in slimy green
                  | scales. (AC +4, rPois) [demonic ancestry]
 38606 | Spider:2 | Reached XP level 18. HP: 105/127 MP: 18/38
 39444 | Spider:3 | Reached skill level 17 in Spellcasting
 39751 | Spider:3 | Got a translucent graven amulet
 39752 | Spider:3 | Identified the amulet "Xohepeid" {Reflect SH+5 Stlth+} (You
                  | found it on level 3 of the Spider Nest)
 39823 | Spider:3 | Got a spiked tower shield
 40083 | Spider:4 | Entered Level 4 of the Spider Nest
 40575 | Spider:4 | Reached skill level 18 in Spellcasting
 41064 | Spider:4 | Noticed Agnes
 41243 | Spider:4 | Killed Agnes
 41480 | Spider:4 | Reached skill level 1 in Staves
 41786 | Spider:4 | HP: 6/127 [poisoned by a ghost moth]
 41789 | Spider:4 | HP: 1/127 [poisoned by a ghost moth]
 42533 | Spider:4 | Reached skill level 5 in Staves
 43652 | Spider:4 | Got a gossamer rune of Zot
 44030 | Vaults:1 | Entered Level 1 of the Vaults
 44188 | Vaults:1 | Gained mutation: You resist negative energy. (rN+) [demonic
                  | ancestry]
 44188 | Vaults:1 | Reached XP level 19. HP: 134/134 MP: 31/41
 44833 | Vaults:1 | Identified the +2 tower shield "Pocuni" {*Contam rElec
                  | Str+4 Int+3} (You found it on level 3 of the Spider Nest)
 45394 | Vaults:1 | Reached skill level 10 in Staves
 46651 | Vaults:2 | Noticed Sojobo
 46670 | Vaults:2 | HP: 4/134 [air elemental/tornado[Sojobo] (5)]
 46684 | Vaults:2 | HP: 6/134 [air elemental[Sojobo] (1)]
 47645 | Vaults:2 | You fall into a shaft and drop 2 floors!
 47882 | Vaults:4 | Gained mutation: You are somewhat able to resist unholy
                  | torments (1 in 2 success). [demonic ancestry]
 47882 | Vaults:4 | Reached XP level 20. HP: 76/145 MP: 11/42
 48243 | Vaults:4 | Reached skill level 10 in Fighting
 49643 | Vaults:4 | Found a large runed translucent door.
 49643 | Vaults:4 | Found a large runed translucent door.
 49644 | Vaults:4 | Found a large runed translucent door.
 49644 | Vaults:4 | Found a large runed translucent door.
 49644 | Vaults:4 | Found a large runed translucent door.
 49644 | Vaults:4 | Found a large runed translucent door.
 49644 | Vaults:4 | Found a large runed translucent door.
 49644 | Vaults:4 | Found a large runed translucent door.
 49644 | Vaults:4 | Noticed Ytwedaku's ghost (adept MiFi)
 51571 | Vaults:3 | Found Kitafaps's Weapon Emporium.
 51996 | Vaults:2 | Noticed Margery
 51999 | Vaults:2 | Killed Margery
 51999 | Vaults:2 | Reached skill level 15 in Fighting
 51999 | Vaults:2 | Reached XP level 21. HP: 160/168 MP: 33/43
 52073 | Vaults:2 | Found a staircase to the Crypt.
 53045 | Vaults:2 | Killed Sojobo
 53652 | Depths:1 | Entered Level 1 of the Depths
 53658 | Depths:1 | Found a gateway to Hell.
 53738 | Depths:1 | Found a flickering gateway to a bazaar.
 53754 | Bazaar   | Entered a bazaar
 53957 | Bazaar   | Found Uroirynt's Book Boutique.
 53965 | Bazaar   | Found Puanaon's Magic Scroll Emporium.
 53980 | Bazaar   | Found Ohanuerr's Food Shoppe.
 53986 | Bazaar   | Found Muborit's Antique Armour Emporium.
 53995 | Bazaar   | Bought a shimmering buckler for 228 gold pieces
 54016 | Bazaar   | Bought a scroll of teleportation for 45 gold pieces
 54016 | Bazaar   | Bought a scroll of teleportation for 45 gold pieces
 54016 | Bazaar   | Bought a scroll of identify for 30 gold pieces
 54016 | Bazaar   | Bought a scroll of identify for 30 gold pieces
 54016 | Bazaar   | Bought a scroll of teleportation for 45 gold pieces
 54016 | Bazaar   | Bought a scroll of enchant weapon for 112 gold pieces
 54232 | Lair:2   | Identified a scroll of acquirement
 54233 | Lair:2   | Got the ring of Zaidei {Int+3 Dex+6}
 54630 | Depths:1 | Found a gateway to a ziggurat.
 55871 | Depths:2 | Reached skill level 5 in Stealth
 56125 | Depths:2 | Noticed a juggernaut
 56130 | Depths:2 | Killed a juggernaut
 57060 | Depths:2 | You fall into a shaft and drop 2 floors!
 57060 | Depths:4 | Noticed a juggernaut
 57060 | Depths:4 | Noticed a juggernaut
 57066 | Depths:4 | Killed a juggernaut
 57066 | Depths:4 | Reached skill level 10 in Stealth
 57066 | Depths:4 | Reached XP level 22. HP: 93/182 MP: 12/44
 57067 | Depths:4 | Killed a juggernaut
 57297 | Depths:4 | Identified the +2 buckler of the Wary People {Harm rElec
                  | Str-3} (You bought it in a shop in a bazaar)
 57301 | Depths:4 | Got the ring "Wiruom" {rPois Str+6 Dex+4 SInv}
 57626 | Depths:4 | Found a portal to a secret trove of treasure.
 57678 | Depths:4 | Noticed Louise
 57684 | Depths:4 | Killed Louise
 57871 | Depths:4 | Found a one-way gate to the infinite horrors of the Abyss.
 58019 | Depths:4 | Found the +10 morningstar "Eos" {elec, Halo rElec}
 59608 | Depths:2 | Found a one-way gate leading to the halls of Pandemonium.
 60314 | Depths:3 | You fall into a shaft and drop 1 floor!
 60385 | Depths:3 | Reached skill level 15 in Ice Magic
 60676 | Depths:3 | Killed from afar by a lich

Illustrated notes

Levels and vault maps discovered:
D:1:      dpeg_arrival_rhombus, layout_rooms, kennysheep_decorative_pillar
D:2:      layout_loops_ring
D:3:      layout_basic, chequers_ecumenical_altar_simple_redux, first_ration,
          hangedman_decor_clover_reticule, uniq_sigmund
D:4:      layout_basic, uniq_eustachio, uniq_ijyb, uniq_grinder, uniq_robin
D:5:      layout_cave_pods, grunt_temple_overflow_order_and_chaos_2,
          uniq_blork_the_orc, uniq_edmund
D:6:      minmay_skewed_foursquare, layout_basic, basic_altar
D:7:      layout_basic, nicolae_overflow_hidden_temple,
          grunt_temple_overflow_diamond, minmay_temple_entry_drinking_statues,
          serial_shops, shop, serial_glass, glass_columns_a, glass_columns_a,
          feat_on_display, minmay_strange_pillars, feat_on_display,
          item_on_display_a
D:8:      layout_basic, uniq_maurice
D:9:      layout_basic
D:10:     layout_layer_cave, nicolae_elemental_shop
D:11:     layout_grid_maze, due_lair_maze_entry_diamond, hiddenorc1_lemuel,
          grunt_livestock, uniq_harold
D:12:     layout_irregular_city, uniq_nergalle, uniq_josephine, uniq_erolcha
D:13:     layout_loops_cross, enter_bailey_2, serial_shops, shop, shop,
          nicolae_shop_stone, kennysheep_mini_moat,
          hangedman_abyss_or_decor_stagger, serial_park_tiny_2, uniq_azrael
D:14:     layout_roguey, david_vaults_5, kennysheep_cluttered_room,
          gauntlet_entry_generic, minmay_crystal_water, uniq_nessos,
          uniq_rupert, uniq_jorgrun
D:15:     grunt_enter_depths_hoard, layout_small_grid, roderic_filled_cross,
          st_stairs_1, patterned_corridor
Lair:1:   layout_hall_layers, lemuel_fruit_tree
Lair:2:   layout_chaotic_city, swamp_mist_pool, grunt_megastairs_5
Lair:3:   layout_chaotic_city, spider_nest_entry_rubble, disabler_island,
          serial_bayou_shore_b
Lair:4:   layout_long_grid, serial_bayou_lagoon_a, minmay_hedge_maze
Lair:5:   layout_small_grid, uniq_urug
Lair:6:   evilmike_catoblepas_cave, layout_cave_pods,
          minmay_slime_entry_oklob_open
Swamp:1:  layout_falls_marsh, nicolae_swamp_round_clearing
Swamp:2:  layout_basic_swamp, evilmike_swamp_ruin_rubble_1, swamp_pool4
Swamp:3:  layout_basic_swamp, evilmike_swamp_ruin_house_5
Swamp:4:  swamp_fiery, layout_basic_swamp
Spider:1: layout_chambers, spiders_nest_hornet_nest
Spider:2: layout_spider_delve
Spider:3: layout_spider_delve
Spider:4: grunt_spider_rune_parallel, uniq_agnes
Orc:1:    layout_caves
Orc:2:    st_orc_congregation, layout_caves
Vaults:1: v_misc_17, v_misc_30, v_misc_28, v_misc_10,
          vaults_mumra_minichess_inversion, hangedman_vaults_slice,
          ontoclasm_vaults_shuriken, v_misc_1, layout_vaults_quadrants
Vaults:2: ontoclasm_vaults_claustrophobia, vaults_dpeg_encased_lava, v_misc_22,
          ontoclasm_vaults_eye, hangedman_vaults_snaps,
          minmay_crypt_entry_simple_round, nicolae_vaults_puzzle_piece,
          v_alt_pattern_2, v_alt_pattern_2, vaults_room_octagon,
          nicolae_vaults_alarming, layout_vaults_omnicross, uniq_sojobo,
          uniq_margery
Vaults:3: nicolae_vaults_little_squares_5, hangedman_vaults_stream,
          vaults_dpeg_cross, vaults_room_large_hall,
          nicolae_vaults_little_squares_3, hangedman_vaults_slice,
          hangedman_vaults_variations, hangedman_vaults_stitches,
          nicolae_vaults_border_crossing, ontoclasm_vaults_hangar, v_misc_11,
          nicolae_vaults_gold_heap, layout_vaults_maze_snakey, serial_shops,
          shop
Vaults:4: advil_vaults_ghost_lines, ontoclasm_vaults_ring_large, v_misc_25,
          v_misc_27, grunt_vaults_hallway_short, nicolae_vaults_shelves_hall,
          grunt_vaults_twisty, nicolae_vaults_little_squares_6,
          nicolae_vaults_little_squares_3, layout_vaults_big_room
Depths:1: layout_long_grid, enter_ziggurat_e, hell_entry, serial_shops,
          bzr_entry_dummy, drop_trap, hangedman_cracks_in_the_wall
Depths:2: minmay_tri_box, layout_cave_shapes, serial_bayou_pond_d,
          rand_demon_pan_entry_4, hell_entry, infiniplex_staircase_pool_2,
          serial_bayou_shore_b
Depths:3: cheibrodos_salmonella, layout_cave_pools, grunt_hell_entry_dis_old,
          rand_demon_pan_entry_7, abyss_entry, serial_sigils_hangedman_snap
Depths:4: kennysheep_water_balloons, layout_basic, hellmouth_1,
          chequers_serial_rivers_room_b, nicolae_abyss_entry_one_way_or_another,
          enter_trove_3, minmay_staircase_windowed_small

Skill      XL: |  1  2  3  4  5  6  7  8  9 10 11 12 13 14 15 16 17 18 19 20 21 22 |
---------------+-------------------------------------------------------------------+-----
Ice Magic      | 4 5 7 10 14 15 | 15.3
Spellcasting   | 3 4 8 10 12 15 16 18 | 18.3
Conjurations   | 3 6 7 |  7.0
Charms         | 3 4 |  4.2
Maces & Flails | 1 |  1.1
Summonings     | 5 6 |  6.1
Translocations | 2 |  2.0
Armour         | 5 7 |  7.2
Fighting       | 2 8 9 15 17 | 17.2
Dodging        | 4 8 |  8.3
Air Magic      | 4 6 |  6.0
Necromancy     | 8 |  8.0
Earth Magic    | 7 |  7.0
Staves         | 7 13 | 13.1
Stealth        | 10 13 | 13.0

Action                   |  1- 3 |  4- 6 |  7- 9 | 10-12 | 13-15 | 16-18 | 19-21 | 22-24 || total
-------------------------+-------+-------+-------+-------+-------+-------+-------+-------++-------
Melee: Unarmed           |    19 |       |       |       |       |       |       |       ||    19
       Trident           |    35 |    76 |    56 |       |       |       |       |       ||   167
       Headbutt          |     5 |     8 |    17 |    33 |    41 |    32 |    84 |    50 ||   270
       Flail             |       |       |   132 |   247 |   249 |    99 |       |       ||   727
       Falchion          |       |       |     4 |       |       |       |       |       ||     4
       Lajatang          |       |       |       |       |       |    46 |   401 |   153 ||   600
Throw: Dart              |       |     5 |     5 |       |       |       |       |       ||    10
 Cast: Freeze            |    32 |     4 |    11 |    70 |    22 |    37 |       |       ||   176
       Frozen Ramparts   |     1 |    11 |    33 |    60 |    22 |    31 |    23 |     4 ||   185
       Summon Ice Beast  |       |       |     4 |    58 |    54 |    40 |    29 |       ||   185
       Hailstorm         |       |       |     2 |    40 |    18 |     5 |       |     1 ||    66
       Ozocubu's Armour  |       |       |     1 |    11 |       |       |       |       ||    12
       Blink             |       |       |       |     7 |     2 |     1 |       |     5 ||    15
       Ozocubu's Refrige |       |       |       |       |   252 |   307 |   332 |    67 ||   958
       Freezing Cloud    |       |       |       |       |       |     9 |    11 |     1 ||    21
       Borgnjor's Vile C |       |       |       |       |       |     1 |    16 |     2 ||    19
Evoke: Wand              |       |       |       |       |     4 |     6 |     3 |       ||    13
  Use: Scroll            |       |       |     6 |     9 |    12 |    12 |    16 |     5 ||    60
       Potion            |       |       |       |       |       |     2 |     5 |       ||     7
 Stab: Sleeping          |     4 |     2 |     1 |     3 |     2 |       |     8 |     4 ||    24
       Distracted        |       |       |     1 |     1 |       |     2 |     6 |     1 ||    11
  Eat: Chunk             |     3 |     7 |    16 |    28 |    78 |    40 |    41 |    10 ||   223
       Ration            |       |       |     2 |     1 |     5 |     7 |     4 |     1 ||    20
Armor: Robe              |     6 |    20 |    38 |     8 |       |       |       |       ||    72
       Troll leather arm |       |       |       |    63 |       |       |       |       ||    63
       Ring mail         |       |       |       |    26 |   125 |   159 |   144 |    44 ||   498
Dodge: Dodged            |    44 |    46 |   132 |   195 |   225 |   221 |   236 |    95 ||  1194
Block: Other             |       |       |     1 |   100 |   101 |    78 |    85 |    35 ||   400
       Reflection        |       |       |       |     4 |     8 |     3 |    13 |     5 ||    33

Table legend:
 A = Non-vault XP
 B = Vault XP
 C = Vault XP percentage of total XP
 D = Non-vault monster count
 E = Vault monster count
 F = Vault count percentage of total count
                 A         B        C        D         E       F
            +---------+---------+-------+---------+---------+-------
      Total |  500363 |  250810 |  33.4 |    1333 |     430 |  24.4
            +---------+---------+-------+---------+---------+-------
        D:1 |      31 |       0 |   0.0 |      18 |       0 |   0.0
        D:2 |      47 |       0 |   0.0 |      15 |       0 |   0.0
        D:3 |     207 |     212 |  50.6 |      30 |       1 |   3.2
        D:4 |     274 |     268 |  49.4 |      17 |      14 |  45.2
        D:5 |     326 |     275 |  45.8 |      16 |       2 |  11.1
        D:6 |     740 |      87 |  10.5 |      20 |       3 |  13.0
        D:7 |    1290 |       0 |   0.0 |      26 |       0 |   0.0
        D:8 |    1043 |     422 |  28.8 |      24 |       1 |   4.0
        D:9 |    1838 |       0 |   0.0 |      16 |       0 |   0.0
       D:10 |    3769 |       0 |   0.0 |      33 |       0 |   0.0
       D:11 |    2290 |    2998 |  56.7 |      38 |      31 |  44.9
       D:12 |    6141 |    3215 |  34.4 |      44 |       6 |  12.0
       D:13 |    7067 |    2112 |  23.0 |      36 |       6 |  14.3
       D:14 |    8703 |    6674 |  43.4 |      28 |       4 |  12.5
       D:15 |   10484 |    2672 |  20.3 |      36 |       4 |  10.0
     Lair:1 |    3338 |       0 |   0.0 |      11 |       0 |   0.0
     Lair:2 |    1881 |       0 |   0.0 |      13 |       0 |   0.0
     Lair:3 |    8025 |    1191 |  12.9 |      21 |       6 |  22.2
     Lair:4 |    6110 |       0 |   0.0 |      17 |       0 |   0.0
     Lair:5 |    2642 |     851 |  24.4 |      10 |       1 |   9.1
     Lair:6 |   10681 |   13645 |  56.1 |      35 |      27 |  43.5
    Swamp:1 |    5122 |       0 |   0.0 |      12 |       0 |   0.0
    Swamp:2 |   14185 |       0 |   0.0 |      40 |       0 |   0.0
    Swamp:3 |   11113 |       0 |   0.0 |      30 |       0 |   0.0
    Swamp:4 |   13033 |   13970 |  51.7 |      37 |      25 |  40.3
   Spider:1 |   19822 |    1344 |   6.3 |      50 |       5 |   9.1
   Spider:2 |   19049 |       0 |   0.0 |      49 |       0 |   0.0
   Spider:3 |   18161 |       0 |   0.0 |      50 |       0 |   0.0
   Spider:4 |   24742 |   27969 |  53.1 |      52 |      54 |  50.9
      Orc:1 |    6963 |       0 |   0.0 |      38 |       0 |   0.0
      Orc:2 |    5089 |   11796 |  69.9 |      60 |      67 |  52.8
   Vaults:1 |   17614 |   27061 |  60.6 |      33 |      42 |  56.0
   Vaults:2 |   56018 |   38016 |  40.4 |      90 |      34 |  27.4
   Vaults:3 |   32306 |   29487 |  47.7 |      39 |      43 |  52.4
   Vaults:4 |   41553 |    4226 |   9.2 |      69 |       8 |  10.4
   Depths:1 |   35100 |    7046 |  16.7 |      52 |      12 |  18.8
   Depths:2 |   37744 |   16664 |  30.6 |      47 |      10 |  17.5
   Depths:3 |   46579 |   11624 |  20.0 |      57 |      12 |  17.4
   Depths:4 |   19243 |   26985 |  58.4 |      24 |      12 |  33.3
            +---------+---------+-------+---------+---------+-------
